 Dungeon Crawl Stone Soup version 0.13.2 (webtiles) character file.

517 sanboga the Covered (level 6, -5/53 HPs)
             Began as a Minotaur Fighter on Feb 21, 2017.
             Slain by an iguana (9 damage)
             ... on Level 4 of the Dungeon.
             The game lasted 00:14:27 (2719 turns).

sanboga the Covered (Minotaur Fighter)              Turns: 2719, Time: 00:14:27

HP  -5/53        AC 10     Str 20      XL: 6   Next: 54%
MP   2/2         EV  5     Int  5      God:
Gold 116         SH 20     Dex 12      Spells:  0 memorised,  5 levels left

Res.Fire  : . . .   See Invis. : .   a - +4,+0 hand axe {=f}
Res.Cold  : . . .   Warding    : .   e - +0 chain mail
Life Prot.: . . .   Conserve   : .   c - +0 shield
Res.Poison: .       Res.Corr.  : .   (helmet restricted)
Res.Elec. : .       Clarity    : .   (no cloak)
Sust.Abil.: . .     Spirit.Shd : .   (no gloves)
Res.Mut.  : .       Stasis     : .   (no boots)
Res.Rott. : .       Flight     : .   (no amulet)
Saprovore : . . .                    (no ring)
                                     (no ring)

@: slightly resistant to hostile enchantments, extremely unstealthy
A: retaliatory headbutt, horns 2
a: no special abilities


You were on level 4 of the Dungeon.
You were not hungry.

You visited 1 branch of the dungeon, and saw 4 of its levels.

You collected 96 gold pieces.

Inventory:

Hand weapons
 a - a +4,+0 hand axe (weapon) {=f}
Missiles
 i - 39 darts (quivered)
Armour
 c - a +0 shield (worn)
 e - a +0 chain mail (worn)
Comestibles
 d - 2 bread rations
 g - an apple
 h - a banana
 n - a meat ration
Scrolls
 b - 2 scrolls of amnesia
 j - a scroll of enchant weapon II
 l - 3 scrolls of remove curse
 p - a scroll of teleportation
Potions
 f - 4 potions of curing {unknown}
 m - a potion of heal wounds {unknown}
 o - a potion of slowing {unknown}
 q - a potion of restore abilities {unknown}
Magical staves
 k - an uncursed staff of summoning


   Skills:
 + Level 4.2 Fighting
 + Level 3.2 Axes
 + Level 2.2 Staves
 + Level 5.6 Armour
 + Level 3.5 Dodging
 + Level 0.3 Stealth
 + Level 5.0 Shields


You had 5 spell levels left.
You didn't know any spells.

Dungeon Overview and Level Annotations

Branches:
Dungeon (4/27)
 Temple: D:4-7

Altars:
Okawaru

Annotations:
D:3 Grinder


Innate Abilities, Weirdness & Mutations

You reflexively headbutt those who attack you in melee.
You have a pair of horns on your head.


Message History

Use on which item? (\ to view known items) (? for menu, Esc to quit)
r - a scroll of identify It was a scroll of identify.
The iguana bites you but does no damage.
You block the hobgoblin's attack.
You hit the iguana but do no damage.
The iguana is moderately wounded.
You closely miss the hobgoblin. The iguana bites you!
* * * LOW HITPOINT WARNING * * *
You block the hobgoblin's attack.
You hit the hobgoblin but do no damage. You hit the iguana.
The iguana is moderately wounded.
You block the iguana's attack.
The hobgoblin hits you but does no damage.
You hit the iguana but do no damage.
The iguana is moderately wounded.
Your shield and chain mail prevent you from hitting the hobgoblin.
You block the iguana's attack. You block the hobgoblin's attack.
The iguana bites you!
You die...

#.....#.#...............[........
#.##....###......................
...............................
####.............................
..........%......................
...........#.....................
...........##....................
......####.......g...............
...... #......@l............... #
#.....#.................
######........§§§........... ####
#.........≈§≈≈≈≈............ ...#
#.........§§§≈§≈............ ...#
#........§§≈>_≈≈..........#. ...#
#........§≈≈⌠.≈§..#####.#.#. ####
#.........≈≈≈≈≈≈..# #.#.#.
#.......[.≈≈≈≈≈≈..# #.#.#.


You could see an iguana and a hobgoblin.

Vanquished Creatures
  The ghost of sanboga the Shield-Bearer, an average MiFi (D:4)
  The ghost of THUG4L1F3 the Skirmisher, an average MiBe of Trog (D:3)
  2 worker ants
  6 adders
  A giant mite (D:2)
  A giant gecko (D:2)
  An orc (D:3)
  A ball python (D:2)
  12 bats
  6 giant cockroaches
  11 hobgoblins
  2 quokkas (D:2)
  A giant gecko skeleton (D:4)
  2 giant newts (D:1)
  7 goblins
  A goblin skeleton (D:4)
  2 jackals (D:1)
  5 kobolds
  8 rats
71 creatures vanquished.

Notes
Turn   | Place    | Note
--------------------------------------------------------------
     0 | D:1      | sanboga, the Minotaur Fighter, began the quest for the Orb.
     0 | D:1      | Reached XP level 1. HP: 19/19 MP: 0/0
   146 | D:1      | Reached XP level 2. HP: 21/26 MP: 0/0
   154 | D:1      | Reached skill level 4 in Armour
   794 | D:2      | Reached XP level 3. HP: 16/33 MP: 1/1
  1059 | D:2      | Reached skill level 1 in Dodging
  1134 | D:2      | Reached XP level 4. HP: 17/39 MP: 1/1
  1809 | D:3      | Noticed THUG4L1F3's ghost (average MiBe)
  1829 | D:3      | Killed THUG4L1F3's ghost
  1829 | D:3      | Reached skill level 1 in Staves
  1829 | D:3      | Reached skill level 5 in Armour
  1829 | D:3      | Reached XP level 5. HP: 19/46 MP: 1/1
  1989 | D:3      | Noticed Grinder
  1991 | D:3      | Paralysed by Grinder for 4 turns
  2294 | D:4      | Found an iron altar of Okawaru.
  2483 | D:4      | Noticed sanboga's ghost (average MiFi)
  2534 | D:4      | Killed sanboga's ghost
  2534 | D:4      | Reached skill level 5 in Shields
  2534 | D:4      | Reached XP level 6. HP: 18/53 MP: 2/2
  2719 | D:4      | Slain by an iguana

Action                   |  1- 3 |  4- 6 || total
-------------------------+-------+-------++-------
Melee: Hand axe          |    93 |    31 ||   124
       Staff             |       |   158 ||   158
  Use: Scroll            |    10 |     7 ||    17
